 Dungeon Crawl Stone Soup version 0.25-a0-365-g7600c65aa0 (webtiles) character file.

Game seed: 3266531206578315931, levelgen mode: deterministic

95 pk666 the Magician (level 4, -3/24 HPs)
             Began as a Deep Elf Wizard on Jan 5, 2020.
             Shot with an arrow by a centaur (12 damage)
             ... on level 2 of the Dungeon.
             The game lasted 00:02:36 (2462 turns).

pk666 the Magician (Deep Elf Wizard)                Turns: 2462, Time: 00:02:36

Health: -3/24      AC:  2    Str:  4    XL:     4   Next: 39%
Magic:  4/13       EV: 13    Int: 24    God:
Gold:   88         SH:  0    Dex: 13    Spells: 2/13 levels left

rFire    . . .     SeeInvis .   e - +0 dagger
rCold    . . .     Gourm    .   (no shield)
rNeg     . . .     Faith    .   a - +0 robe
rPois    .         Spirit   .   b - +0 hat
rElec    .         Reflect  .   (no cloak)
rCorr    .         Harm     .   (no gloves)
MR       .....                  (no boots)
Stlth    ++........             (no amulet)
HPRegen  0.08/turn              (no ring)
MPRegen  0.13/turn              (no ring)

@: no status effects
A: no striking features
a: no special abilities


You were on level 2 of the Dungeon.
You were hungry.

You visited 1 branch of the dungeon, and saw 2 of its levels.

You collected 88 gold pieces.

Inventory:

Hand Weapons
 e - a +0 dagger (weapon)
Armour
 a - a +0 robe (worn)
 b - a +0 hat (worn)
Scrolls
 f - a scroll of random uselessness {unknown}
 h - a scroll of teleportation {unknown}
 j - a scroll of identify {unknown}
 l - a scroll of blinking {unknown}
Potions
 c - 2 potions of curing {unknown}
 g - 2 potions of haste {unknown}
 i - a potion of flight {unknown}
 k - a potion of might {unknown}
Comestibles
 d - 6 rations


   Skills:
 - Level 3.1 Dodging
 - Level 2.4 Stealth
 + Level 5.2 Spellcasting
 + Level 2.4 Conjurations
 + Level 1.6 Summonings
 - Level 1.1 Translocations
 + Level 0.9 Fire Magic
 + Level 1.0 Air Magic
 + Level 1.0 Poison Magic


You had 2 spell levels left.
You knew the following spells:

 Your Spells              Type           Power        Failure   Level  Hunger
a - Magic Dart            Conj           ###.         3%          1    None
b - Blink                 Tloc           N/A          9%          2    None
c - Conjure Flame         Conj/Fire      ##......     13%         3    ##.....
d - Mephitic Cloud        Conj/Pois/Air  ##......     14%         3    ##.....
e - Call Imp              Summ           ##......     6%          2    None

Your spell library contained the following spells:

 Spells                   Type           Power        Failure   Level  Hunger
 Slow                     Hex            #.......     13%         2    None


Dungeon Overview and Level Annotations

Branches:
Dungeon (2/15)

Altars:
Fedhas
Gozag


Message History

Aim: an adder (moderately wounded)
The magic dart hits the adder.
The adder is severely wounded.
The adder barely misses you.
Casting: Magic Dart (safe; 3% risk of failure)
Confirm with . or Enter, or press ? or * to list all spells.
Aiming: Magic Dart (safe; 3% risk of failure)
Press: ? - help, Shift-Dir - straight line, f/p - adder
Aim: an adder (severely wounded)
The magic dart hits the adder.
You kill the adder!
Your Air Magic skill increases to level 1!
Your Poison Magic skill increases to level 1!
The centaur shoots an arrow.
The arrow hits you.
Casting: Magic Dart (safe; 3% risk of failure)
Confirm with . or Enter, or press ? or * to list all spells.
A shadowy apparition takes form in the air.
The centaur shoots an arrow.
The arrow hits you!
Ouch! That really hurt!
You die...

#..# #.# #..### #.#
#.....# #.### ##.##.#
..# #.##.# #.# #.# #.#
#.# #.# #.######.#####
#c.@5........#
#.######.###.####.## #
#(######...........#
#.##(......####.####..#
#....(...c.........#..#
####...................
#######.###.###....#
#.# #># #<...# #.#
#.###....#


You could see a centaur and a friendly shadow imp.

Vanquished Creatures
  A gnoll (D:1)
  3 adders (D:2)
  A dart slug (D:2)
  6 leopard geckos
  A ball python (D:1)
  2 giant cockroaches
  10 goblins
  A hobgoblin (D:1)
  3 jackals (D:2)
  A quokka (D:2)
  2 bats (D:1)
  5 frilled lizards
  9 kobolds
  5 rats
50 creatures vanquished.

Notes
Turn   | Place    | Note
-------+----------+-------------------------------------------
     0 | D:1      | pk666 the Deep Elf Wizard began the quest for the Orb.
     0 | D:1      | Reached XP level 1. HP: 10/10 MP: 7/7
   276 | D:1      | Reached XP level 2. HP: 15/15 MP: 4/9
   778 | D:1      | Reached skill level 5 in Spellcasting
   778 | D:1      | Reached XP level 3. HP: 19/19 MP: 7/11
   782 | D:1      | Learned a level 2 spell: Blink
   786 | D:1      | Learned a level 3 spell: Conjure Flame
   790 | D:1      | Learned a level 3 spell: Mephitic Cloud
   793 | D:1      | Learned a level 2 spell: Call Imp
  1394 | D:2      | Noticed a centaur
  1848 | D:2      | Reached XP level 4. HP: 24/24 MP: 8/13
  2112 | D:2      | Found an opulent altar of Gozag.
  2279 | D:2      | Found a blossoming altar of Fedhas.
  2461 | D:2      | Reached skill level 1 in Air Magic
  2461 | D:2      | Reached skill level 1 in Poison Magic
  2462 | D:2      | Shot with an arrow by a centaur

Levels and vault maps discovered:
D:1:      lemuel_arrival_muddy, layout_basic
D:2:      layout_loops_ring, nicolae_gozag_seed_capital, old_standard_altar,
          first_ration, minmay_tetromino_o2

Skill      XL: |  1  2  3  4 |
---------------+-------------+-----
Dodging        | 3 |  3.1
Conjurations   | 2 |  2.4
Spellcasting   | 5 |  5.2
Air Magic      | 1 |  1.0
Poison Magic   | 1 |  1.0
Stealth        | |  2.4
Summonings     | |  1.6
Translocations | |  1.1
Fire Magic     | |  0.9

Action                   |  1- 3 |  4- 6 || total
-------------------------+-------+-------++-------
Melee: Dagger            |     4 |       ||     4
 Cast: Magic Dart        |    89 |    34 ||   123
       Mephitic Cloud    |     1 |     1 ||     2
       Call Imp          |       |     1 ||     1
  Eat: Chunk             |     2 |     2 ||     4
Armor: Robe              |     3 |       ||     3
Dodge: Dodged            |    18 |    10 ||    28

Table legend:
 A = Non-vault XP
 B = Vault XP
 C = Vault XP percentage of total XP
 D = Non-vault monster count
 E = Vault monster count
 F = Vault count percentage of total count
                 A         B        C        D         E       F
            +---------+---------+-------+---------+---------+-------
      Total |     132 |       4 |   2.9 |      48 |       2 |   4.0
            +---------+---------+-------+---------+---------+-------
        D:1 |      57 |       0 |   0.0 |      27 |       0 |   0.0
        D:2 |      75 |       4 |   5.1 |      21 |       2 |   8.7
            +---------+---------+-------+---------+---------+-------
